 Dungeon Sprint DCSS version 0.29.1-2-gbd0b4ee654 (webtiles) character file.

Game seed: 15032055235226629049

1993 boopmooplesden the Fighter (level 9, 0/83 HPs)
             Began as a Minotaur Fighter on Nov 30, 2022.
             Slain by a hornet (2 damage)
             ... in the Dungeon (Sprint II: "The Violet Keep of Menkaure").
             The game lasted 00:02:26 (804 turns).

boopmooplesden the Fighter (Minotaur Fighter)        Turns: 804, Time: 00:02:28

Health: 0/83       AC: 10    Str: 26    XL:     9   Next: 1%
Magic:  8/8        EV: 11    Int: 11    God:
Gold:   389        SH:  9    Dex:  9    Spells: 8/8 levels left

rFire   . . .      SeeInvis +   a - +0 war axe
rCold   . . .      Faith    .   d - +3 warlock's mirror {reflect}
rNeg    . . .      Spirit   .   b - +0 scale mail
rPois   .          Reflect  +   k - +1 hat
rElec   .          Harm     .   (no cloak)
rCorr   .          Rampage  .   (no gloves)
Will    .....      NoTele   +   (no boots)
Stlth   ..........              (no amulet)
HPRegen 0.23/turn               c - +6 ring of intelligence
MPRegen 0.11/turn               (no ring)

@: lethally poisoned (0 -> -14), on berserk cooldown, slowed, very slow
A: horns 2, retaliatory headbutt, see invisible, deterioration 1, frail 1,
screaming 1
a: no special abilities


You were in the Dungeon.
You visited 1 branch You collected 972 gold pieces.
You spent 583 gold pieces at shops.

Inventory:

Hand Weapons
 a - a +0 war axe (weapon)
Armour
 b - a +0 scale mail (worn)
 d - the +3 warlock's mirror (worn) {reflect}
   (You bought it in a shop in the Dungeon)

   It can block and reflect piercing ranged attacks and magical attacks against
   the wielder's willpower.
 k - a +1 hat (worn)
Jewellery
 c - a +6 ring of intelligence (left hand)
Scrolls
 j - a scroll of blinking
Potions
 e - a potion of curing
 g - a potion of haste
 h - 2 potions of magic


   Skills:
 + Level 13.1 Fighting
 + Level 12.2 Axes
 + Level 12.5 Armour
 + Level 3.1 Dodging
 + Level 0.2 Stealth
 + Level 11.9 Shields


You had 8 spell levels left.
You didn't know any spells.
Your spell library was empty.

Dungeon Overview and Level Annotations

Branches:
Dungeon (1/1)

Altars:
Cheibriados
Dithmenos
Elyvilon
Hepliaklqana
Kikubaaqudgha
Makhleb
Qazlal
Ru
Sif Muna
Trog
Uskayaw
Vehumet
Wu Jian
Xom
Yredelemnul
Zin
The Shining One
Jiyva
Lugonu

Shops:
D (:=[*[[[:?=((!!

Annotations:
D exclusion: oklob plant


Innate Abilities, Weirdness & Mutations

You have a pair of horns on your head.
You reflexively headbutt those who attack you in melee.
You have supernaturally acute eyesight. (SInv)
Your body sometimes deteriorates upon taking damage.
You are frail. (-10% HP)
You occasionally shout uncontrollably at your foes.


Message History

You block the hornet's attack. x2
You slash the hornet!
The hornet is severely wounded.
The hornet barely misses you.
The hornet stings you but does no damage.
You hit the hornet.
The hornet is almost dead.
The hornet stings you.
You feel as though you will be slow longer.
The hornet stings you!
You are poisoned.
You feel as though you will be slow longer.
You barely miss the hornet.
The hornet is almost dead.
You feel very sick. You block the hornet's attack. The hornet stings you.
You are more poisoned.
You feel as though you will be slow longer.
You hit the hornet but do no damage.
The hornet is almost dead.
* * * LOW HITPOINT WARNING * * *
You feel extremely sick. You block the hornet's attack. The hornet stings you!
* * * LOW HITPOINT WARNING * * *
You feel as though you will be slow longer.
You feel much better.
You feel very sick. The hornet closely misses you. You furiously retaliate!
You headbutt the hornet, but do no damage.
The hornet stings you!
* * * LOW HITPOINT WARNING * * *
You are more poisoned.
You feel as though you will be slow longer.
You enter the shallow water.
Moving in this stuff is going to be slow.
Found ten items.
* * * LOW HITPOINT WARNING * * *
You feel very sick. The hornet stings you.
You die... #. ###.### +.### ..# ...# ...# ## : .# ##..## #..# $# ([ ## .##..# +..# .# !?) ###..#..# #..# c# ??)[ .'.# +..####..##†# ?$??!

###..#..§.###..y##▓▓▓▓▓▓
## .##......~~~~@~~~~~~~
.####~~.§§§.~#+########+
..#~~~~~§§.§~#._._._..#~
.##~~~~~§~§.~#.._._._.#~
##~~~≈≈§~~~~~#._._._._#~
~~~~§~≈≈≈§~~§#_._._._.#§
+++#~≈≈≈§§§§~#._._._..#§
S≈ ##≈§≈###≈≈#_._._...#§
S≈≈≈##§≈# §§


You could see a hornet.

Vanquished Creatures
  A merfolk siren (D)
  2 polar bears (D)
  4 neqoxecs (D)
  A vampire mosquito (D)
  Menkaure (D)
  4 scorpions (D)
  4 necrophages (D)
17 creatures vanquished.

Vanquished Creatures (others)
  A water moccasin (D)
1 creature vanquished.

Grand Total: 18 creatures vanquished

Notes
Turn   | Place    | Note
-------+----------+-------------------------------------------
     0 | D        | boopmooplesden the Minotaur Fighter began the quest for the
                  | Orb.
     0 | D        | Reached XP level 1. HP: 19/19 MP: 0/0
     1 | D        | Noticed a scorpion
     1 | D        | Noticed a scorpion
     3 | D        | Killed a scorpion
     3 | D        | Noticed a scorpion
     3 | D        | Noticed a scorpion
     4 | D        | Reached skill level 6 in Fighting
     4 | D        | Reached XP level 2. HP: 25/30 MP: 1/1
     4 | D        | Reached XP level 3. HP: 31/37 MP: 2/2
     6 | D        | Killed a scorpion
     7 | D        | Reached skill level 7 in Fighting
     7 | D        | Reached XP level 4. HP: 26/47 MP: 3/3
    12 | D        | Killed a scorpion
    13 | D        | Reached skill level 8 in Fighting
    13 | D        | Reached skill level 5 in Axes
    13 | D        | Reached XP level 5. HP: 19/53 MP: 4/4
    49 | D        | Killed a water moccasin
   214 | D        | Noticed a merfolk siren
   223 | D        | Killed a merfolk siren
   224 | D        | Reached skill level 10 in Fighting
   224 | D        | Reached skill level 10 in Armour
   224 | D        | Reached skill level 10 in Shields
   224 | D        | Reached XP level 6. HP: 67/67 MP: 5/5
   224 | D        | Reached XP level 7. HP: 73/73 MP: 6/6
   234 | D        | Noticed a neqoxec
   234 | D        | Noticed a neqoxec
   234 | D        | Noticed a neqoxec
   234 | D        | Noticed a neqoxec
   241 | D        | Killed a neqoxec
   242 | D        | Reached skill level 11 in Fighting
   244 | D        | Gained mutation: You are frail. (-10% HP) [a neqoxec]
   246 | D        | Killed a neqoxec
   250 | D        | Killed a neqoxec
   250 | D        | Gained mutation: Your body sometimes deteriorates upon
                  | taking damage. [a neqoxec]
   252 | D        | Gained mutation: You have supernaturally acute eyesight.
                  | (SInv) [a neqoxec]
   255 | D        | Gained mutation: You occasionally shout uncontrollably at
                  | your foes. [a neqoxec]
   256 | D        | Killed a neqoxec
   257 | D        | Reached skill level 1 in Dodging
   257 | D        | Reached XP level 8. HP: 28/74 MP: 7/7
   477 | D        | Reached skill level 12 in Fighting
   477 | D        | Reached skill level 10 in Axes
   493 | D        | Found Mufon's Distillery.
   493 | D        | Found Qienext's Distillery.
   493 | D        | Found Orakawos's Antique Weapon Emporium.
   494 | D        | Found Siunil's Antique Weapon Emporium.
   494 | D        | Found Viacacsimpa's Magic Scroll Shoppe.
   494 | D        | Found Qockof Qitee's Book Emporium.
   494 | D        | Found Meomoot's Armour Shoppe.
   495 | D        | Found Genwus's Antique Armour Shoppe.
   495 | D        | Found Nyllo's Jewellery Emporium.
   495 | D        | Found Gex Hiante's Armour Emporium.
   495 | D        | Found Lics's General Store.
   495 | D        | Noticed Menkaure
   507 | D        | Killed Menkaure
   509 | D        | Found Yruocseurr's Antique Armour Shoppe.
   509 | D        | Found Beroaneo's Jewellery Emporium.
   509 | D        | Noticed an oklob plant
   510 | D        | Found Fidoj's Weapon Shoppe.
   510 | D        | Found Lephaony's Book Shoppe.
   511 | D        | Noticed an ice dragon
   514 | D        | Noticed a hell hog
   515 | D        | Noticed a hell hog
   520 | D        | Bought the +3 warlock's mirror {reflect} for 440 gold
                  | pieces
   520 | D        | Found the +3 warlock's mirror {reflect}
   539 | D        | Bought a +1 hat for 143 gold pieces
   770 | D        | Found a glowing silver altar of Zin.
   770 | D        | Found a radiant altar of Vehumet.
   771 | D        | Found a glowing golden altar of the Shining One.
   771 | D        | Found a basalt altar of Yredelemnul.
   771 | D        | Found a hide-covered altar of Uskayaw.
   772 | D        | Found a shimmering altar of Xom.
   772 | D        | Found a bloodstained altar of Trog.
   772 | D        | Found a burning altar of Makhleb.
   773 | D        | Found an ornate altar of the Wu Jian Council.
   773 | D        | Found a shimmering blue altar of Sif Muna.
   773 | D        | Found a corrupted altar of Lugonu.
   774 | D        | Found a sacrificial altar of Ru.
   774 | D        | Found an ancient bone altar of Kikubaaqudgha.
   774 | D        | Found a white marble altar of Elyvilon.
   775 | D        | Found a stormy altar of Qazlal.
   775 | D        | Found a viscous altar of Jiyva.
   775 | D        | Found a shadowy altar of Dithmenos.
   776 | D        | Found a hazy altar of Hepliaklqana.
   776 | D        | Found a snail-covered altar of Cheibriados.
   778 | D        | Noticed a yaktaur
   778 | D        | Noticed a hornet
   778 | D        | Noticed a polar bear
   778 | D        | Noticed a polar bear
   788 | D        | Killed a polar bear
   789 | D        | Noticed a polar bear
   794 | D        | Killed a polar bear
   795 | D        | Reached skill level 13 in Fighting
   795 | D        | Reached XP level 9. HP: 75/83 MP: 8/8
   804 | D        | HP: 2/83 [poisoned by a hornet]
   804 | D        | Slain by a hornet

Illustrated notes

Levels and vault maps discovered:
D:        the_violet_keep_of_menkaure [sprint2_stairs_cluster_1,
          sprint2_shoproom, sprint2_temple, sprint2_basic_supplies,
          sprint2_obstacle_7, sprint2_obstacle_4, sprint2_obstacle_3,
          sprint2_obstacle_2, sprint2_obstacle_6, sprint2_timed_cluster_1,
          sprint2_smallroom_cluster_1, sprint2_smallroom_final_cluster_1,
          sprint2_transparent_cluster_1, sprint2_second_timed_cluster_1,
          sprint2_sniper_area_1, sprint2_heavy_combat_area_1,
          sprint2_mutation_trap_area_1, sprint2_forest_area_1,
          sprint2_light_combat_area_1, sprint2_behind_water_1,
          sprint2_near_end_vault_1]

Skill      XL: |  1  2  3  4  5  6  7  8 |
---------------+-------------------------+-----
Fighting       | 6 7 8 10 11 13 | 13.1
Axes           | 3 4 5 7 9 12 | 12.2
Armour         | 6 7 8 10 11 12 | 12.5
Shields        | 6 7 10 11 | 11.9
Dodging        | 1 3 |  3.1
Stealth        | |  0.2

Action                   |  1- 3 |  4- 6 |  7- 9 || total
-------------------------+-------+-------+-------++-------
Melee: War axe           |     4 |    14 |    87 ||   105
       Headbutt          |       |     6 |    13 ||    19
  Use: Potion            |     1 |       |     2 ||     3
Armor: Scale mail        |       |     5 |    25 ||    30
Dodge: Dodged            |     2 |     1 |    19 ||    22
Block: Buckler           |     1 |     2 |    42 ||    45
